| TOP OF THE 1ST |
|
Minnesota Twins batting - Pitching for California Angels : LHP Ray Fontenot
|
|
Pitching: LHP Ray Fontenot
|
|
|
Batting: RHB Tack Wilson
|
0-0: Ball 1-0: Swinging Strike 1-1: Ball 2-1: Called Strike 2-2: Strikes out swinging, 2-3 out at first.
|
|
Batting: LHB Lloyd Moseby
|
0-0: Ball 1-0: SINGLE (Line Drive, 56D, EV 110.0 MPH)
|
|
Batting: RHB Matt Cooper
|
0-0: Ball 1-0: Grounds into double play, 6-4-3 (Groundball, 6, EV 76.9 MPH)
|
| Top of the 1st over - 0 runs, 1 hit, 0 errors, 0 left on base; Minnesota 0 - California 0 |
| BOTTOM OF THE 1ST |
|
California Angels batting - Pitching for Minnesota Twins : RHP Marcos Ortega
|
|
Pitching: RHP Marcos Ortega
|
|
|
Batting: RHB Frank White
|
0-0: Ball 1-0: Fly out, F7 (Line Drive, 7D, EV 95.0 MPH)
|
|
Batting: RHB Carlos Pimentel
|
0-0: Ground out 6-3 (Groundball, 6D, EV 88.1 MPH)
|
|
Batting: LHB Jason D Thompson
|
0-0: Ball 1-0: Called Strike 1-1: Foul Ball, location: 2F 1-2: Ball 2-2: Ground out 6-3 (Groundball, 6M, EV 99.4 MPH)
|
| Bottom of the 1st over - 0 runs, 0 hits, 0 errors, 0 left on base; Minnesota 0 - California 0 |
| TOP OF THE 2ND |
|
Minnesota Twins batting - Pitching for California Angels : LHP Ray Fontenot
|
|
Batting: SHB Jerry Mumphrey
|
0-0: Foul Ball, location: 2F 0-1: Called Strike 0-2: Ball 1-2: Strikes out swinging
|
|
Batting: RHB Ron Kittle
|
0-0: Called Strike 0-1: Called Strike 0-2: Reached on error, E5 (Groundball, 56S, EV 78.8 MPH)
|
|
Batting: RHB Jaden Smith
|
0-0: Called Strike 0-1: Called Strike 0-2: Strikes out swinging
|
|
Batting: LHB Ken Oberkfell
|
0-0: Foul Ball, location: 2F 0-1: Ball 1-1: Foul Ball, location: 2F 1-2: Foul Ball, location: 2F 1-2: Foul Ball, location: 2F 1-2: Strikes out swinging
|
| Top of the 2nd over - 0 runs, 0 hits, 1 error, 1 left on base; Minnesota 0 - California 0 |
| BOTTOM OF THE 2ND |
|
California Angels batting - Pitching for Minnesota Twins : RHP Marcos Ortega
|
|
Batting: LHB Brian Rosinski
|
0-0: Ball 1-0: Ball 2-0: Ball 3-0: Called Strike 3-1: Swinging Strike 3-2: Base on Balls
|
|
Batting: RHB Jeff Atherton
|
0-0: Ball 1-0: SINGLE (Line Drive, 8LS, EV 92.5 MPH) Brian Rosinski to second Runner from 2nd tries for 3rd, SAFE, no throw by CF
|
|
Batting: LHB Ralph Garr
|
0-0: Ball 1-0: Ball 2-0: Called Strike 2-1: Ball 3-1: Fielders Choice at 2nd, 6-4 (Groundball, 56, EV 99.4 MPH) Brian Rosinski scores
|
|
Batting: SHB Ignacio Medina
|
0-0: Ball 1-0: Swinging Strike 1-1: Foul Ball, location: 2F 1-2: Strikes out looking
|
|
Batting: SHB Manny Castillo
|
0-0: Ball 1-0: Called Strike 1-1: Fly out, F8 (Line Drive, 8RM, EV 95.6 MPH)
|
| Bottom of the 2nd over - 1 run, 1 hit, 0 errors, 1 left on base; Minnesota 0 - California 1 |
| TOP OF THE 3RD |
|
Minnesota Twins batting - Pitching for California Angels : LHP Ray Fontenot
|
|
Batting: LHB Eloy Escobedo
|
0-0: Called Strike 0-1: SINGLE (Line Drive, 89S, EV 113.1 MPH)
|
|
Batting: RHB Ed Jurak
|
0-0: Called Strike 0-1: Ball 1-1: Grounds into double play, 6-4-3 (Groundball, 6, EV 106.3 MPH)
|
|
Batting: RHB Tack Wilson
|
0-0: Foul Ball, location: 2F 0-1: SINGLE (Line Drive, 4MD, EV 94.4 MPH)
|
|
Batting: LHB Lloyd Moseby
|
0-0: Ball Tack Wilson steals 2nd, throwing error, E2 Tack Wilson to third 1-0: Ball 2-0: Ground out 4-3 (Groundball, 4, EV 100.6 MPH)
|
| Top of the 3rd over - 0 runs, 2 hits, 1 error, 1 left on base; Minnesota 0 - California 1 |
| BOTTOM OF THE 3RD |
|
California Angels batting - Pitching for Minnesota Twins : RHP Marcos Ortega
|
|
Batting: RHB Charlie Moore
|
0-0: Ball 1-0: Called Strike 1-1: Swinging Strike 1-2: Strikes out swinging
|
|
Batting: RHB Frank White
|
0-0: Ball 1-0: Ball 2-0: Ball 3-0: Foul Ball, location: 2F 3-1: Fly out, F6 (Flyball, 6D, EV 83.8 MPH)
|
|
Batting: RHB Carlos Pimentel
|
0-0: Foul Ball, location: 2F 0-1: Called Strike 0-2: Ball 1-2: Foul Ball, location: 2F 1-2: Ball 2-2: Ground out 4-3 (Groundball, 4, EV 110.6 MPH)
|
| Bottom of the 3rd over - 0 runs, 0 hits, 0 errors, 0 left on base; Minnesota 0 - California 1 |
| TOP OF THE 4TH |
|
Minnesota Twins batting - Pitching for California Angels : LHP Ray Fontenot
|
|
Batting: RHB Matt Cooper
|
0-0: Ball 1-0: Swinging Strike 1-1: Foul Ball, location: 2F 1-2: Ball 2-2: Foul Ball, location: 2F 2-2: DOUBLE (Flyball, 78XD, EV 95.6 MPH)
|
|
Batting: SHB Jerry Mumphrey
|
0-0: Ball 1-0: Ground out 4-3 (Groundball, 4MD, EV 93.8 MPH) Matt Cooper to third
|
|
Batting: RHB Ron Kittle
|
0-0: Called Strike 0-1: Ball 1-1: Ball 2-1: Called Strike 2-2: Foul Ball, location: 2F 2-2: Foul Ball, location: 2F 2-2: SINGLE (Line Drive, 4D, EV 102.5 MPH) Matt Cooper scores
|
|
Batting: RHB Jaden Smith
|
0-0: Swinging Strike 0-1: Ball 1-1: Ball 2-1: Called Strike 2-2: Foul Ball, location: 2F 2-2: Ball 3-2: Ground out 4-3 (Groundball, 4S, EV 92.5 MPH) Ron Kittle to second
|
|
Batting: LHB Ken Oberkfell
|
0-0: Ball 1-0: Called Strike 1-1: Ball Wild Pitch! Ron Kittle to third 2-1: Swinging Strike 2-2: Strikes out swinging
|
| Top of the 4th over - 1 run, 2 hits, 0 errors, 1 left on base; Minnesota 1 - California 1 |
| BOTTOM OF THE 4TH |
|
California Angels batting - Pitching for Minnesota Twins : RHP Marcos Ortega
|
|
Batting: LHB Jason D Thompson
|
0-0: SINGLE (Flyball, 78S, EV 98.1 MPH)
|
|
Batting: LHB Brian Rosinski
|
0-0: Ball 1-0: Ground out 5-3 (Groundball, 5S, EV 67.5 MPH) Jason D Thompson to second
|
|
Batting: RHB Jeff Atherton
|
0-0: Ball 1-0: Fly out, F9 (Line Drive, 9, EV 91.3 MPH)
|
|
Batting: LHB Ralph Garr
|
0-0: Ground out 1-3 (Groundball, P, EV 68.8 MPH)
|
| Bottom of the 4th over - 0 runs, 1 hit, 0 errors, 1 left on base; Minnesota 1 - California 1 |
| TOP OF THE 5TH |
|
Minnesota Twins batting - Pitching for California Angels : LHP Ray Fontenot
|
|
Pitching: RHP John Butcher
|
|
|
Batting: LHB Eloy Escobedo
|
0-0: DOUBLE (Groundball, 3L, EV 100.6 MPH)
|
|
Batting: RHB Ed Jurak
|
0-0: Ball 1-0: Ball 2-0: Ball 3-0: Foul Ball, location: 2F 3-1: Ball
|
|
Batting: RHB Tack Wilson
|
0-0: Foul Ball, location: 2F 0-1: Swinging Strike 0-2: SINGLE (Groundball, 4MD, EV 96.3 MPH) Eloy Escobedo to third Ed Jurak to second Runner from 3rd tries for Home, SAFE, throw by CF to home
|
|
Batting: LHB Lloyd Moseby
|
0-0: Ball 1-0: Ball 2-0: Swinging Strike 2-1: Ball 3-1: Base on Balls Ed Jurak to third Tack Wilson to second
|
|
Batting: RHB Matt Cooper
|
0-0: Grounds into double play, 6-4-3 (Groundball, 6S, EV 83.1 MPH) Ed Jurak scores Tack Wilson to third
|
|
Batting: SHB Jerry Mumphrey
|
0-0: Ball 1-0: Ball 2-0: Called Strike 2-1: Ground out 6-3 (Groundball, 6S, EV 91.3 MPH)
|
| Top of the 5th over - 2 runs, 2 hits, 0 errors, 1 left on base; Minnesota 3 - California 1 |
| BOTTOM OF THE 5TH |
|
California Angels batting - Pitching for Minnesota Twins : RHP Marcos Ortega
|
|
Pitching: RHP Bill Gullickson
|
|
|
Batting: SHB Ignacio Medina
|
0-0: Ground out U3 (Groundball, 34, EV 81.3 MPH)
|
|
Batting: SHB Manny Castillo
|
0-0: Ball 1-0: Called Strike 1-1: Swinging Strike 1-2: Foul Ball, location: 2F 1-2: Ball 2-2: Ball 3-2: TRIPLE (Line Drive, 89XD, EV 100.0 MPH)
|
|
Batting: RHB Charlie Moore
|
0-0: Called Strike 0-1: Foul Ball, location: 2F 0-2: Ground out 4-3 (Groundball, 4S, EV 74.4 MPH)
|
|
Batting: RHB Frank White
|
0-0: Ball 1-0: SINGLE (Groundball, 3S, EV 64.4 MPH) (infield hit) Manny Castillo scores
|
|
Batting: RHB Carlos Pimentel
|
0-0: Called Strike 0-1: Ball 1-1: Foul Ball, location: 2F 1-2: Strikes out swinging
|
| Bottom of the 5th over - 1 run, 2 hits, 0 errors, 1 left on base; Minnesota 3 - California 2 |
| TOP OF THE 6TH |
|
Minnesota Twins batting - Pitching for California Angels : RHP John Butcher
|
|
Batting: RHB Ron Kittle
|
0-0: Ball 1-0: Ball 2-0: Ball 3-0: Called Strike 3-1: Base on Balls
|
|
Batting: RHB Jaden Smith
|
0-0: Swinging Strike 0-1: Ball 1-1: Fly out, F9 (Flyball, 9, EV 85.6 MPH)
|
|
Batting: LHB Ken Oberkfell
|
0-0: Fielders Choice at 2nd, 6-4 (Groundball, 56, EV 108.8 MPH)
|
|
Batting: LHB Eloy Escobedo
|
0-0: Ball Ken Oberkfell is caught stealing 2nd base 2-6
|
| Top of the 6th over - 0 runs, 0 hits, 0 errors, 0 left on base; Minnesota 3 - California 2 |
| BOTTOM OF THE 6TH |
|
California Angels batting - Pitching for Minnesota Twins : RHP Bill Gullickson
|
|
Batting: LHB Jason D Thompson
|
0-0: Foul Ball, location: 2F 0-1: Ball 1-1: Ball 2-1: Foul Ball, location: 2F 2-2: Ball 3-2: Base on Balls
|
|
Batting: LHB Brian Rosinski
|
0-0: Foul Ball, location: 2F 0-1: Called Strike 0-2: Ball 1-2: Ball 2-2: Strikes out swinging
|
|
Batting: RHB Jeff Atherton
|
0-0: Called Strike 0-1: Ball 1-1: Foul Ball, location: 2F 1-2: Foul Ball, location: 2F 1-2: SINGLE (Groundball, 56S, EV 99.4 MPH) Jason D Thompson to second
|
|
Batting: LHB Ralph Garr
|
0-0: Ball 1-0: Called Strike 1-1: Called Strike 1-2: Ball 2-2: Grounds into double play, 4-6-3 (Groundball, 4, EV 105.6 MPH)
|
| Bottom of the 6th over - 0 runs, 1 hit, 0 errors, 1 left on base; Minnesota 3 - California 2 |
| TOP OF THE 7TH |
|
Minnesota Twins batting - Pitching for California Angels : RHP John Butcher
|
|
Batting: LHB Eloy Escobedo
|
0-0: Ball 1-0: Ball 2-0: Ball 3-0: Called Strike 3-1: SINGLE (Groundball, 4D, EV 107.5 MPH)
|
|
Batting: RHB Ed Jurak
|
0-0: Ground out U3 (Groundball, 34S, EV 68.1 MPH) Eloy Escobedo to second
|
|
Pinch Hitting: RHB Taylor Duncan
|
0-0: Ball 1-0: Ground out 4-3 (Groundball, 4, EV 81.9 MPH) Eloy Escobedo to third
|
|
Pinch Hitting: RHB Larry Hisle
|
0-0: Called Strike 0-1: SINGLE (Groundball, 4D, EV 96.3 MPH) Eloy Escobedo scores
|
|
Pitching: RHP Jerry Reed
|
|
|
Batting: RHB Matt Cooper
|
0-0: Called Strike 0-1: Ball 1-1: Ball 2-1: Fielders Choice at 2nd, U6 (Groundball, 6M, EV 107.5 MPH)
|
| Top of the 7th over - 1 run, 2 hits, 0 errors, 1 left on base; Minnesota 4 - California 2 |
| BOTTOM OF THE 7TH |
|
California Angels batting - Pitching for Minnesota Twins : RHP Bill Gullickson
|
|
Now at 2B: Taylor Duncan
|
|
|
Now in CF: Larry Hisle
|
|
|
Batting: SHB Ignacio Medina
|
0-0: Ground out 5-3 (Groundball, 5, EV 81.9 MPH)
|
|
Batting: SHB Manny Castillo
|
0-0: Called Strike 0-1: Ball 1-1: Foul Ball, location: 2F 1-2: Fly out, F8 (Line Drive, 8RD, EV 101.9 MPH)
|
|
Batting: RHB Charlie Moore
|
0-0: Ball 1-0: Called Strike 1-1: Ball 2-1: Foul Ball, location: 2F 2-2: Ball 3-2: Foul Ball, location: 2F 3-2: Foul Ball, location: 2F 3-2: Fly out, F5 (Flyball, 5D, EV 88.1 MPH)
|
| Bottom of the 7th over - 0 runs, 0 hits, 0 errors, 0 left on base; Minnesota 4 - California 2 |
| TOP OF THE 8TH |
|
Minnesota Twins batting - Pitching for California Angels : RHP Jerry Reed
|
|
Pinch Hitting: RHB George Foster
|
0-0: Ball 1-0: Ball 2-0: Foul Ball, location: 2F 2-1: Foul Ball, location: 2F 2-2: SINGLE (Flyball, 89S, EV 91.3 MPH)
|
|
Batting: RHB Steve Brye
|
0-0: Ball 1-0: Called Strike 1-1: Foul Ball, location: 2F 1-2: Ball 2-2: Ball 3-2: Grounds into double play, 4-6-3 (Groundball, 4, EV 81.9 MPH)
|
|
Pinch Hitting: RHB Josh Lynn
|
0-0: Swinging Strike 0-1: Ground out U3 (Groundball, 34, EV 87.5 MPH)
|
| Top of the 8th over - 0 runs, 1 hit, 0 errors, 0 left on base; Minnesota 4 - California 2 |
| BOTTOM OF THE 8TH |
|
California Angels batting - Pitching for Minnesota Twins : RHP Bill Gullickson
|
|
Now at C: Ed Putman
|
|
|
Now at 1B: Josh Lynn
|
|
|
Now in RF: George Foster
|
|
|
Pinch Hitting: RHB Duke Hinds
|
0-0: Called Strike 0-1: Fly out, F9 (Flyball, 9LS, EV 81.3 MPH)
|
|
Pinch Hitting: LHB John Milner
|
0-0: Ground out U3 (Groundball, 3L, EV 86.9 MPH)
|
|
Batting: LHB Jason D Thompson
|
0-0: Fly out, F5 (Popup, 5S, EV 76.3 MPH)
|
| Bottom of the 8th over - 0 runs, 0 hits, 0 errors, 0 left on base; Minnesota 4 - California 2 |
| TOP OF THE 9TH |
|
Minnesota Twins batting - Pitching for California Angels : RHP Jerry Reed
|
|
Now at 2B: Duke Hinds
|
|
|
Now in RF: John Milner
|
|
|
Pinch Hitting: LHB Luis Alfaro
|
0-0: Ball 1-0: Foul Ball, location: 2F 1-1: Ball 2-1: Ground out 4-3 (Groundball, 4, EV 88.8 MPH)
|
|
Pinch Hitting: RHB Brook Jacoby
|
0-0: Ball 1-0: Called Strike 1-1: Ball 2-1: Foul Ball, location: 2F 2-2: Foul Ball, location: 2F 2-2: Strikes out swinging
|
|
Pinch Hitting: RHB Lee Lacy
|
0-0: Ball 1-0: Swinging Strike 1-1: Ground out 6-3 (Groundball, 6, EV 77.5 MPH)
|
| Top of the 9th over - 0 runs, 0 hits, 0 errors, 0 left on base; Minnesota 4 - California 2 |
| BOTTOM OF THE 9TH |
|
California Angels batting - Pitching for Minnesota Twins : RHP Bill Gullickson
|
|
Now at 3B: Brook Jacoby
|
|
|
Now at SS: Luis Alfaro
|
|
|
Now in LF: Kevin Christensen
|
|
|
Pinch Hitting: LHB Franklin Lopez
|
0-0: Called Strike 0-1: Ground out 5-3 (Groundball, 5L, EV 77.5 MPH)
|
|
Pinch Hitting: RHB Rafael Ramirez
|
0-0: Ball 1-0: Ground out U3 (Groundball, 34, EV 83.1 MPH)
|
|
Batting: SHB Jon Hernandez
|
0-0: Ball 1-0: Called Strike 1-1: Called Strike 1-2: Ball 2-2: Ground out U3 (Groundball, 3L, EV 106.9 MPH)
|
| Bottom of the 9th over - 0 runs, 0 hits, 0 errors, 0 left on base; Minnesota 4 - California 2 |
|